 Dungeon Crawl Stone Soup version 0.20.1-1-g8b1a95d (webtiles) character file.

981 kae the Covert (level 7, -1/32 HPs)
             Began as a Spriggan Enchanter on Sept 16, 2017.
             Slain by an orc warrior
             ... wielding a +0 scimitar
              (12 damage)
             ... on level 6 of the Dungeon.
             The game lasted 00:05:48 (3641 turns).

kae the Covert (Spriggan Enchanter)                 Turns: 3641, Time: 00:05:48

Health: -1/32      AC:  3    Str:  4 (6)  XL:     7   Next: 96%
Magic:  0/15       EV: 18    Int: 13 (16) God:
Gold:   255        SH:  0    Dex: 14 (17) Spells: 9/15 levels left

rFire    . . .     SeeInvis +   a - +1 dagger
rCold    . . .     Gourm    .   (shield restricted)
rNeg     . . .     Faith    .   b - +0 robe
rPois    .         Spirit   +   (helmet restricted)
rElec    .         Reflect  .   s - +0 cloak (curse)
rCorr    .         Harm     .   (gloves unavailable)
MR       +....                  (boots unavailable)
Stlth    ++++......             h - amulet of guardian spirit
Regen    0.1/turn               (no ring)
MPRegen  0.2/turn               (no ring)

@: very slightly contaminated, hasted and slowed, invisible, very quick
A: unfitting armour, see invisible, herbivore 3, speed 3, slow metabolism 2
a: no special abilities


You were on level 6 of the Dungeon.
You were hungry.

You visited 1 branch of the dungeon, and saw 4 of its levels.

You collected 255 gold pieces.

Inventory:

Hand Weapons
 a - a +1 dagger (weapon)
Armour
 b - a +0 robe (worn)
 s - a cursed +0 cloak (worn)
Jewellery
 h - an amulet of guardian spirit (around neck)
 n - an uncursed ring of ice {unknown}
Scrolls
 g - a scroll of blinking {unknown}
 i - 2 scrolls of identify
 o - 2 scrolls of remove curse
 q - 2 scrolls of enchant weapon {unknown}
 u - 4 scrolls of teleportation {unknown}
 v - a scroll of noise {unknown}
Potions
 e - a potion of invisibility
 j - a potion of ambrosia {unknown}
 k - a potion of resistance
 l - 2 potions of berserk rage {unknown}
 m - a potion of curing
 p - a potion of lignification {unknown}
Books
 c - a book of Maledictions

   Spells                             Type                      Level
   a - Corona                         Hexes                        1
   b - Ensorcelled Hibernation        Hexes/Ice                    2
   c - Confuse                        Hexes                        3
   d - Tukima's Dance                 Hexes                        3
   e - Dazzling Spray                 Conjuration/Hexes            3
Comestibles
 d - 5 bread rations
 f - 4 fruits


   Skills:
 * Level 5.9 Short Blades
 - Level 3.0 Dodging
 * Level 9.2 Stealth
 + Level 4.9 Spellcasting
 + Level 5.9 Hexes


You had 9 spell levels left.
You knew the following spells:

 Your Spells              Type           Power        Failure   Level  Hunger
a - Corona                Hex            ###....      1%          1    None
b - Ensorcelled Hibernat  Hex/Ice        ##....       9%          2    ##.....
c - Confuse               Hex            ###.....     4%          3    ###....


Dungeon Overview and Level Annotations

Branches:
Dungeon (3/15)

Altars:
Fedhas
Kikubaaqudgha

Annotations:
D:2 exclusion: oklob plant


Innate Abilities, Weirdness & Mutations

You are very small and have problems with some larger weapons.
You are too small for most types of armour.
You have supernaturally acute eyesight. (SInv)
You are a herbivore.
You cover ground extremely quickly.
You need consume almost no food.


Message History

There was something very wrong with that liquid.
You feel weakened.
You feel dopey.
You feel clumsy. The orc wizard barely misses you. The orc closely misses you.
The orc wizard hits you with a dagger.
* * * LOW HITPOINT WARNING * * *
The orc warrior barely misses you.
It was a potion of haste.
You feel yourself speed up. The orc wizard barely misses you.
The orc barely misses you.
It was a potion of magic.
Magic courses through your body.
The orc wizard points at you and mumbles some strange words.
You feel yourself slow down.
The orc warrior hits you with a scimitar.
* * * LOW HITPOINT WARNING * * *
The orc misses you.
It was a potion of curing.
You feel better. The orc wizard completely misses you.
The orc wizard casts a spell at you. The magic dart hits you!
The orc warrior hits you with a scimitar!!
You die...

##.# #...(............. #.#
#..oo.......(..... #.#
#.)............... #.#
#.................
########.###.................
#..........##.......#........
#..........###...............
#..........########..#.......
#..........o@o#.....####..###
#..........##o..###.# #.##
#..........###..###.# #.#
#..>.......##....##(# ##.#
#..........##.##.##.# #..# .
########...##.##.##)###.## #.
###.##.#.........###..
#.#..#..............
#..............#..#.


You could see an orc warrior, an orc wizard and an orc.

Vanquished Creatures
  Grinder (D:3)
  Sigmund (D:6)
  Eustachio (D:6)
  A sky beast (D:6)
  3 bullfrogs (D:6)
  Crazy Yiuf (D:2)
  A centaur skeleton (D:6)
  An orc wizard (D:6)
  A worker ant (D:6)
  3 adders (D:2)
  3 oozes (D:2)
  2 worms (D:2)
  A leopard gecko (D:2)
  2 orcs
  8 bats
  A giant cockroach (D:1)
  8 goblins
  5 hobgoblins
  3 jackals (D:2)
  2 ball pythons (D:2)
  6 frilled lizards
  4 kobolds
  12 rats
71 creatures vanquished.

Notes
Turn   | Place    | Note
-------+----------+-------------------------------------------
     0 | D:1      | kae the Spriggan Enchanter began the quest for the Orb.
     0 | D:1      | Reached XP level 1. HP: 9/9 MP: 5/5
   198 | D:1      | Reached XP level 2. HP: 8/13 MP: 6/6
   313 | D:1      | Learned a level 2 spell: Ensorcelled Hibernation
   387 | D:1      | Reached skill level 5 in Stealth
  1108 | D:2      | Reached XP level 3. HP: 11/16 MP: 1/8
  1447 | D:2      | Reached XP level 4. HP: 18/21 MP: 4/9
  1655 | D:2      | Found an ancient bone altar of Kikubaaqudgha.
  1668 | D:2      | Found a blossoming altar of Fedhas.
  2051 | D:2      | Found a blossoming altar of Fedhas.
  2078 | D:2      | Noticed an oklob plant
  2357 | D:2      | Found a runed door.
  2739 | D:2      | Noticed Crazy Yiuf
  2743 | D:2      | Killed Crazy Yiuf
  2743 | D:2      | Reached skill level 6 in Stealth
  2808 | D:3      | Noticed Grinder
  2857 | D:3      | Learned a level 3 spell: Confuse
  2874 | D:3      | Killed Grinder
  2874 | D:3      | Reached skill level 7 in Stealth
  2874 | D:3      | Reached XP level 5. HP: 24/24 MP: 1/11
  2874 | D:3      | Reached XP level 6. HP: 28/28 MP: 1/12
  3008 | D:3      | You fall through a shaft for 3 floors!
  3118 | D:6      | Noticed a sky beast
  3178 | D:6      | Reached skill level 5 in Hexes
  3312 | D:6      | Killed a sky beast
  3420 | D:6      | Noticed Sigmund
  3426 | D:6      | Reached XP level 7. HP: 32/32 MP: 11/14
  3430 | D:6      | Reached skill level 5 in Short Blades
  3430 | D:6      | Reached skill level 8 in Stealth
  3546 | D:6      | Killed Sigmund
  3582 | D:6      | Noticed Eustachio
  3592 | D:6      | Killed Eustachio
  3592 | D:6      | Reached skill level 9 in Stealth
  3641 | D:6      | Slain by an orc warrior

Skill      XL: |  1  2  3  4  5  6  7 |
---------------+----------------------+-----
Stealth        | 5 7 9 |  9.2
Short Blades   | 2 4 5 |  5.9
Hexes          | 4 5 |  5.9
Spellcasting   | 3 4 |  4.9
Dodging        | |  3.0

Action                   |  1- 3 |  4- 6 |  7- 9 || total
-------------------------+-------+-------+-------++-------
Melee: Dagger            |   157 |   104 |    18 ||   279
 Cast: Ensorcelled Hiber |     5 |    23 |    13 ||    41
       Confuse           |       |     3 |       ||     3
  Use: Scroll            |     2 |       |       ||     2
       Potion            |       |       |     5 ||     5
 Stab: Sleeping          |    10 |    15 |     6 ||    31
       Confused          |       |     3 |       ||     3
       Distracted        |       |     1 |       ||     1
  Eat: Royal jelly       |       |       |     1 ||     1
Armor: Robe              |    12 |     9 |     2 ||    23
Dodge: Dodged            |   133 |    78 |    33 ||   244
